 Dungeon Crawl Stone Soup version 0.23.0-3-gf3c87f2 (webtiles) character file.

Game seed: 9265683060689019324

323 Borgoz the Sneak (level 6, -2/51 HPs)
             Began as a Ghoul Assassin on Feb 24, 2019.
             Slain by an adder (3 damage)
             ... on level 3 of the Dungeon.
             The game lasted 00:05:28 (1639 turns).

Borgoz the Sneak (Ghoul Assassin)                   Turns: 1639, Time: 00:05:29

Health: -2/51      AC:  5    Str: 15    XL:     6   Next: 47%
Magic:  5/5        EV: 12    Int:  7    God:
Gold:   59         SH:  0    Dex: 11    Spells: 5/5 levels left

rFire    . . .     SeeInvis .   a - +2 dagger
rCold    + . .     Gourm    .   (no shield)
rNeg     + + +     Faith    .   l - +0 leather armour
rPois    ∞         Spirit   .   (no helmet)
rElec    .         Reflect  .   d - +1 cloak
rCorr    .         Harm     .   (no gloves)
MR       .....                  (no boots)
Stlth    +++.......             (no amulet)
HPRegen  0.00/turn              (no ring)
MPRegen  0.09/turn              (no ring)

@: rotting
A: rotting body, claws 1, carnivore, cold resistance 1, negative energy
resistance 3, inhibited regeneration, torment resistance, unbreathing
a: no special abilities


You were on level 3 of the Dungeon.
You were not hungry.

You visited 1 branch of the dungeon, and saw 3 of its levels.

You collected 59 gold pieces.

Inventory:

Hand Weapons
 a - a +2 dagger (weapon)
 b - a +0 blowgun
Missiles
 e - 6 poisoned needles
 f - 2 curare-tipped needles
Armour
 d - a +1 cloak (worn)
 l - a +0 leather armour (worn)
 m - a scarf of resistance
Wands
 h - a wand of iceblast (5)
Scrolls
 j - a scroll of remove curse
 k - a scroll of identify
 n - a scroll of immolation
Comestibles
 g - 5 rations


   Skills:
 + Level 3.3 Fighting
 + Level 3.0 Short Blades
 + Level 2.1 Throwing
 + Level 1.2 Armour
 + Level 2.0 Dodging
 + Level 6.7 Stealth


You had 5 spell levels left.
You didn't know any spells.
Your spell library was empty.

Dungeon Overview and Level Annotations

Branches:
Dungeon (3/15)

Altars:
Hepliaklqana
Kikubaaqudgha
Makhleb
Vehumet
Yredelemnul

Annotations:
D:2 2 transporters, Menkaure


Innate Abilities, Weirdness & Mutations

Your body is rotting away.
You thrive on raw meat.
You are immune to poison.
You have sharp fingernails.
You are carnivorous and can eat meat at any time.
Your flesh is cold resistant. (rC+)
You are immune to negative energy. (rN+++)
You do not regenerate when monsters are visible.
You are immune to unholy pain and torment.
You can survive without breathing.


Message History

You closely miss the leopard gecko. The wight hits you but does no damage.
The leopard gecko bites you.
* * * LOW HITPOINT WARNING * * *
You hit the leopard gecko.
The leopard gecko is moderately wounded.
The leopard gecko closely misses you. The wight closely misses you.
You barely miss the leopard gecko.
The leopard gecko is moderately wounded.
The leopard gecko barely misses you.
The wight hits you with a cursed +0 falchion.
* * * LOW HITPOINT WARNING * * *
You hit the leopard gecko.
You kill the leopard gecko!
The adder closely misses you.
The wight hits you with a cursed +0 falchion.
* * * LOW HITPOINT WARNING * * *
You barely miss the adder. The adder bites you.
* * * LOW HITPOINT WARNING * * *
You hit the adder but do no damage. The adder bites you.
You die...

*********,,,,,*,
**≈≈≈≈≈,≈**,,,,**
*≈*******≈#....<,
*≈**≈,≈,*≈#....##
*≈*,***≈*≈#......
*≈**≈∩*,*≈#...,..
*≈*****≈*≈*...##.
####≈≈≈≈,**≈*,#....
#.@#*******≈*,#..##
#z#Sl≈≈≈≈.,**,#....
#.##############.##
#................#
##################


You could see a wight, an adder and a leopard gecko.

Vanquished Creatures
  Sigmund (D:2)
  A worker ant (D:3)
  Ijyb (D:3)
  6 adders (D:2)
  An ooze (D:2)
  A worm (D:2)
  A dart slug (D:1)
  4 leopard geckos
  An orc (D:3)
  3 giant cockroaches
  10 goblins
  6 hobgoblins
  3 jackals (D:1)
  7 kobolds
  3 bats
  2 frilled lizards (D:2)
  2 rats (D:2)
53 creatures vanquished.

Notes
Turn   | Place    | Note
-------+----------+-------------------------------------------
     0 | D:1      | Borgoz the Ghoul Assassin began the quest for the Orb.
     0 | D:1      | Reached XP level 1. HP: 17/17 MP: 0/0
    32 | D:1      | Reached XP level 2. HP: 13/24 MP: 1/1
    33 | D:1      | Reached skill level 5 in Stealth
   340 | D:1      | Reached XP level 3. HP: 13/30 MP: 2/2
   407 | D:1      | Reached skill level 1 in Dodging
   606 | D:2      | Noticed Sigmund
   621 | D:2      | Killed Sigmund
   621 | D:2      | Reached skill level 6 in Stealth
   621 | D:2      | Reached XP level 4. HP: 23/38 MP: 3/3
   621 | D:2      | Reached XP level 5. HP: 28/45 MP: 4/4
   921 | D:2      | Reached XP level 6. HP: 51/51 MP: 5/5
   967 | D:2      | Found an ancient bone altar of Kikubaaqudgha.
   969 | D:2      | Noticed Menkaure
   971 | D:2      | Found a basalt altar of Yredelemnul.
   972 | D:2      | Found a burning altar of Makhleb.
   972 | D:2      | Found a radiant altar of Vehumet.
  1275 | D:2      | Found a transporter.
  1286 | D:2      | Found a transporter.
  1388 | D:3      | Noticed Ijyb
  1427 | D:3      | Killed Ijyb
  1427 | D:3      | Reached skill level 1 in Armour
  1428 | D:3      | Found a hazy altar of Hepliaklqana.
  1638 | D:3      | HP: 1/51 [adder (2)]
  1639 | D:3      | Slain by an adder

Skill      XL: |  1  2  3  4  5  6 |
---------------+-------------------+-----
Stealth        | 5 6 |  6.7
Dodging        | 1 2 |  2.0
Fighting       | 3 |  3.3
Short Blades   | 2 3 |  3.0
Throwing       | 2 |  2.1
Armour         | 1 |  1.2

Action                   |  1- 3 |  4- 6 || total
-------------------------+-------+-------++-------
Melee: Dagger            |    79 |   163 ||   242
 Fire: Blowgun           |     9 |     2 ||    11
Evoke: Wand              |       |     1 ||     1
  Use: Scroll            |       |     6 ||     6
       Potion            |       |     2 ||     2
 Stab: Sleeping          |     5 |     9 ||    14
  Eat: Chunk             |     8 |    10 ||    18
Armor: Robe              |    26 |       ||    26
       Leather armour    |     5 |    38 ||    43
Dodge: Dodged            |    51 |    88 ||   139
